 Dungeon Crawl Stone Soup version 0.31-a0-182-gc5ef74bbde (webtiles) character file.

Game seed: 18146317746347599011

569 qw the Shooter (level 7, -5/64 HPs)
             Began as a Naga Hunter on June 20, 2023.
             Slain by a water moccasin (7 damage)
             ... on level 5 of the Dungeon.
             The game lasted 00:01:14 (3552 turns).

qw the Shooter (Naga Hunter)                        Turns: 3552, Time: 00:01:14

Health: -5/64      AC:  9    Str: 14    XL:     7   Next: 33%
Magic:  7/7        EV: 10    Int:  9    God:
Gold:   264        SH:  0    Dex: 22    Spells: 6/6 levels left

rFire   . . .        Y - +1 shortbow
rCold   . . .        (shield currently unavailable)
rNeg    . . .        c - +0 leather armour
rPois   +            e - +2 helmet
rElec   .            g - +0 cloak
rCorr   .            i - +0 pair of gloves
SInv    +            (no barding)
Will    .....        (no amulet)
Stlth   ++           j - +6 ring of dexterity
HPRegen 0.30/turn    (no ring)
MPRegen 0.10/turn

%: no passive effects
@: short of breath, very slow
A: AC +2, large, see invisible, deformed body, poison resistance, slowness 2,
spit poison 1, naga tail 1
a: Spit Poison


You were on level 5 of the Dungeon.
You visited 1 branch of the dungeon, and saw 5 of its levels.

You collected 264 gold pieces.


Innate Abilities, Weirdness & Mutations

Your serpentine skin is tough. (AC +2)
You have supernaturally acute eyesight. (SInv)
Armour fits poorly on your strangely shaped body.
Your system is resistant to poisons. (rPois)
You cover ground very slowly.
You can spit poison.
You have a snake-like lower body.


   Skills:
 - Level 4.1 Fighting
 + Level 6.8 Ranged Weapons
 - Level 1.0 Armour
 - Level 2.0 Dodging
 - Level 1.5 Stealth


You had 6 spell levels left.
You didn't know any spells.
Your spell library was empty.

Inventory:

Hand Weapons
 Y - a +1 shortbow (weapon)
Armour
 c - a +0 leather armour (worn)
 e - a +2 helmet (worn)
 g - a +0 cloak (worn)
 i - a +0 pair of gloves (worn)
Jewellery
 j - a +6 ring of dexterity (left hand)
 k - a +6 ring of strength
Scrolls
 d - a scroll of identify
Potions
 a - a potion of curing
 b - a potion of attraction {unknown}
 f - a potion of lignification {unknown}
 h - a potion of magic {unknown}

Dungeon Overview and Level Annotations

Branches:
Dungeon (5/15)
 Temple: D:4-7

Altars:
Qazlal
Sif Muna
The Shining One

Annotations:
D:3 1 runed translucent door, qw's ghost, weakling NaHu


Message History

You shoot an arrow. The arrow hits the iguana!
You kill the iguana!
The water moccasin bites you but does no damage.
The jelly closely misses you. The orc closely misses you.
The water moccasin bites you.
You shoot an arrow. The arrow hits the jelly.
The jelly is lightly wounded.
The water moccasin closely misses you.
The orc priest mumbles some strange prayers to Beogh against you.
Beogh smites you!
The orc hits you from afar with a +0 trident.
The jelly completely misses you.
You shoot an arrow. The arrow hits the jelly!
The jelly is severely wounded.
You have got your breath back.
The water moccasin closely misses you. The jelly hits you but does no damage.
The orc hits you but does no damage. The water moccasin closely misses you.
You shoot an arrow. The arrow hits the jelly.
The jelly is severely wounded.
The water moccasin bites you but does no damage.
The jelly closely misses you. The orc hits you but does no damage.
You shoot an arrow. The arrow hits the jelly!
You kill the jelly!
The water moccasin closely misses you.
The orc priest mumbles some strange prayers to Beogh against you.
Beogh smites you! The orc closely misses you. The scorpion stings you.
The water moccasin bites you.
3551 ||| INVOKING Spit Poison.
Aiming: Spit Poison (1% risk of failure)
Press: ? - help, Shift-Dir - straight line, f - scorpion The splash of poison hits the scorpion.
The scorpion is poisoned.
The scorpion is lightly wounded.
The orc priest miscasts a cantrip.
The orc hits you but does no damage.
The water moccasin bites you but does no damage.
The scorpion barely misses you.
You shoot an arrow. The arrow hits the scorpion.
The scorpion is moderately wounded.
The water moccasin bites you!
You die...

#...
#.##.######## #..
#.##........#
#.##..#####.#
###.##..#####...
.#.............#
......#..######}.
####....#
###.####....#
.....oS@..#.#
#.###o##s..>....
.. .....###. #%
##.#.## .. #.#.#
.. ....# [ #.###
#.#


You could see a water moccasin, a scorpion (poisoned), an orc priest and an orc.

Vanquished Creatures
  A black bear (D:4)
  An ogre (D:4)
  A jelly (D:5)
  A hound (D:4)
  An orc priest (D:3)
  Jessica (D:2)
  2 iguanas (D:5)
  2 orc wizards
  8 adders
  2 ufetubi
  A worm (D:2)
  3 dart slugs
  3 orcs (D:3)
  11 ball pythons
  5 endoplasms
  3 giant cockroaches
  11 goblins
  9 hobgoblins
  4 jackals (D:2)
  2 quokkas
  A bat (D:1)
  4 frilled lizards
  7 kobolds
84 creatures vanquished.

Notes
Turn   | Place    | Note
-------+----------+-------------------------------------------
     0 | D:1      | qw the Naga Hunter began the quest for the Orb.
     0 | D:1      | Reached XP level 1. HP: 19/19 MP: 1/1
     0 | D:1      | 0 ||| qw: Version: 0.3-a-9-g12657ce
     0 | D:1      | 0 ||| qw: Game counter: 1306
     0 | D:1      | 0 ||| qw: Always use a shield: true
     0 | D:1      | 0 ||| qw: God list: Okawaru
     0 | D:1      | 0 ||| qw: Allow faded altars: false
     0 | D:1      | 0 ||| qw: Do Orc after D:15 true
     0 | D:1      | 0 ||| qw: Do second Lair branch before Depths: true
     0 | D:1      | 0 ||| qw: Lair rune preference: random
     0 | D:1      | 0 ||| qw: Plans: Normal
     0 | D:1      | 0 ||| PLANNING D:1-11
     5 | D:1      | You fall into a shaft and drop 1 floor!
     9 | D:2      | 9 ||| INVOKING Spit Poison.
    14 | D:2      | Reached skill level 4 in Ranged Weapons
    14 | D:2      | Reached XP level 2. HP: 24/26 MP: 2/2
    14 | D:2      | 14 ||| INVOKING Spit Poison.
    70 | D:2      | 70 ||| INVOKING Spit Poison.
    74 | D:2      | 74 ||| INVOKING Spit Poison.
    88 | D:2      | 88 ||| INVOKING Spit Poison.
    96 | D:2      | 96 ||| INVOKING Spit Poison.
    97 | D:2      | Reached XP level 3. HP: 32/32 MP: 3/3
   122 | D:2      | 122 ||| INVOKING Spit Poison.
   128 | D:2      | 128 ||| INVOKING Spit Poison.
   133 | D:2      | 133 ||| INVOKING Spit Poison.
   174 | D:2      | 174 ||| INVOKING Spit Poison.
   233 | D:2      | 233 ||| INVOKING Spit Poison.
   236 | D:2      | 236 ||| INVOKING Spit Poison.
   241 | D:2      | 241 ||| INVOKING Spit Poison.
   251 | D:2      | 251 ||| INVOKING Spit Poison.
   325 | D:2      | 325 ||| UPGRADING to +2 helmet.
   330 | D:2      | 330 ||| READING scroll labelled NECOATRITZE.
   331 | D:2      | 331 ||| DROPPING scroll of butterflies.
   349 | D:1      | 349 ||| INVOKING Spit Poison.
   356 | D:1      | 356 ||| INVOKING Spit Poison.
   466 | D:1      | 466 ||| INVOKING Spit Poison.
   573 | D:1      | 573 ||| INVOKING Spit Poison.
   770 | D:1      | 770 ||| INVOKING Spit Poison.
  1071 | D:1      | 1071 ||| DROPPING ring of wizardry.
  1072 | D:1      | 1072 ||| READING scroll labelled AGEQARENIL.
  1073 | D:1      | 1073 ||| READING scroll labelled QEAHODGHIRE.
  1074 | D:1      | 1074 ||| READING scroll labelled FAEXZIELAITH.
  1079 | D:1      | 1079 ||| READING scroll labelled YMMIHI PAASO.
  1080 | D:1      | 1080 ||| DRINKING 2 sapphire potions.
  1121 | D:2      | 1121 ||| INVOKING Spit Poison.
  1123 | D:2      | 1123 ||| STAIRDANCE
  1139 | D:2      | 1139 ||| STAIRDANCE
  1237 | D:2      | Found a faded altar of an unknown god.
  1266 | D:2      | 1266 ||| INVOKING Spit Poison.
  1274 | D:2      | Noticed Jessica
  1275 | D:2      | 1275 ||| INVOKING Spit Poison.
  1276 | D:2      | Killed Jessica
  1277 | D:2      | Reached skill level 5 in Ranged Weapons
  1277 | D:2      | Reached XP level 4. HP: 39/39 MP: 4/4
  1324 | D:2      | 1324 ||| INVOKING Spit Poison.
  1420 | D:2      | 1420 ||| INVOKING Spit Poison.
  1500 | D:2      | 1500 ||| INVOKING Spit Poison.
  1539 | D:2      | 1539 ||| INVOKING Spit Poison.
  1543 | D:2      | 1543 ||| INVOKING Spit Poison.
  1571 | D:2      | 1571 ||| READING scroll labelled LIXKOL JAN.
  1572 | D:2      | 1572 ||| DRINKING 2 fuming ruby potions.
  1573 | D:2      | 1573 ||| DROPPING potion of degeneration.
  1639 | D:3      | 1639 ||| INVOKING Spit Poison.
  1645 | D:3      | 1645 ||| INVOKING Spit Poison.
  1649 | D:3      | Identified the +4 flail "Magent" {antimagic, Stlth+}
  1668 | D:3      | 1668 ||| INVOKING Spit Poison.
  1674 | D:3      | Found a stormy altar of Qazlal.
  1674 | D:3      | Noticed a fire elemental
  1675 | D:3      | 1675 ||| DRINKING 2 viscous emerald potions.
  1678 | D:3      | Noticed a water elemental
  1678 | D:3      | Noticed an air elemental
  1678 | D:3      | Noticed an earth elemental
  1679 | D:3      | 1679 ||| INVOKING Spit Poison.
  1718 | D:3      | 1718 ||| INVOKING Spit Poison.
  1739 | D:3      | 1739 ||| Stepping ~*~*~tactically~*~*~ (outnumbered).
  1740 | D:3      | 1740 ||| INVOKING Spit Poison.
  1743 | D:3      | 1743 ||| INVOKING Spit Poison.
  1746 | D:3      | Reached skill level 3 in Fighting
  1746 | D:3      | Reached XP level 5. HP: 29/49 MP: 5/5
  1748 | D:3      | 1748 ||| INVOKING Spit Poison.
  1753 | D:3      | 1753 ||| INVOKING Spit Poison.
  1754 | D:3      | HP: 12/49 [orc/+0 mace (1)]
  1755 | D:3      | 1755 ||| DRINKING potion of heal wounds.
  1758 | D:3      | 1758 ||| INVOKING Spit Poison.
  1882 | D:3      | 1882 ||| INVOKING Spit Poison.
  1903 | D:3      | Found a runed translucent door.
  1903 | D:3      | Noticed qw's ghost (weakling NaHu)
  1938 | D:3      | 1938 ||| INVOKING Spit Poison.
  1964 | D:3      | 1964 ||| INVOKING Spit Poison.
  1967 | D:3      | 1967 ||| INVOKING Spit Poison.
  1973 | D:3      | 1973 ||| INVOKING Spit Poison.
  1979 | D:3      | 1979 ||| INVOKING Spit Poison.
  1982 | D:3      | 1982 ||| INVOKING Spit Poison.
  2067 | D:3      | 2067 ||| INVOKING Spit Poison.
  2186 | D:3      | 2186 ||| INVOKING Spit Poison.
  2191 | D:3      | 2191 ||| INVOKING Spit Poison.
  2244 | D:3      | 2244 ||| INVOKING Spit Poison.
  2276 | D:3      | Found a glowing golden altar of the Shining One.
  2366 | D:3      | 2366 ||| READING 2 scrolls labelled JOWKUP XIMAELU.
  2380 | D:4      | 2380 ||| INVOKING Spit Poison.
  2455 | D:4      | 2455 ||| INVOKING Spit Poison.
  2504 | D:4      | 2504 ||| INVOKING Spit Poison.
  2518 | D:4      | 2518 ||| INVOKING Spit Poison.
  2522 | D:4      | 2522 ||| INVOKING Spit Poison.
  2524 | D:4      | Reached skill level 6 in Ranged Weapons
  2524 | D:4      | Reached XP level 6. HP: 53/56 MP: 6/6
  2658 | D:4      | Noticed a black bear
  2661 | D:4      | 2661 ||| INVOKING Spit Poison.
  2668 | D:4      | 2668 ||| INVOKING Spit Poison.
  2671 | D:4      | Killed a black bear
  2967 | D:4      | 2967 ||| INVOKING Spit Poison.
  2970 | D:4      | 2970 ||| INVOKING Spit Poison.
  3281 | D:4      | 3281 ||| INVOKING Spit Poison.
  3331 | D:4      | Found a shimmering blue altar of Sif Muna.
  3387 | D:4      | 3387 ||| UPGRADING to +0 cloak.
  3392 | D:4      | 3392 ||| UPGRADING to +0 pair of gloves.
  3397 | D:4      | 3397 ||| DROPPING +1 hat.
  3398 | D:4      | 3398 ||| UPGRADING to +6 ring of dexterity.
  3423 | D:5      | Entered Level 5 of the Dungeon
  3445 | D:5      | 3445 ||| INVOKING Spit Poison.
  3446 | D:5      | Reached XP level 7. HP: 64/64 MP: 7/7
  3460 | D:5      | 3460 ||| INVOKING Spit Poison.
  3517 | D:5      | 3517 ||| INVOKING Spit Poison.
  3523 | D:5      | 3523 ||| INVOKING Spit Poison.
  3527 | D:5      | 3527 ||| INVOKING Spit Poison.
  3531 | D:5      | 3531 ||| INVOKING Spit Poison.
  3535 | D:5      | Reached skill level 1 in Armour
  3535 | D:5      | 3535 ||| INVOKING Spit Poison.
  3541 | D:5      | 3541 ||| INVOKING Spit Poison.
  3544 | D:5      | 3544 ||| INVOKING Spit Poison.
  3550 | D:5      | HP: 11/64 [orc priest/divine providence (13)]
  3550 | D:5      | HP: 5/64 [scorpion (6)]
  3550 | D:5      | HP: 2/64 [water moccasin (3)]
  3551 | D:5      | 3551 ||| INVOKING Spit Poison.
  3552 | D:5      | Slain by a water moccasin

Levels and vault maps discovered:
D:1:      lightli_arrival_statuegarden, layout_basic,
          chequers_serial_rivers_large_b
D:2:      layout_basic, chequers_ecumenical_altar_twisty, uniq_jessica
D:3:      cheibrodos_greedy_goblins, layout_rooms,
          nicolae_qazlal_style_of_elements, tso_oasis_becter,
          hellmonk_ghost_happy_afterlife, minmay_misc_feat_rugged
D:4:      black_bear_nest_1, layout_gridville, led_sif_pool, dk_noncrumbling_3
D:5:      layout_basic, lemuel_tele_altar, nicolae_overflow_crystal_walls,
          serial_shops, shop_fountains, hangedman_abyss_or_decor_stabs,
          minmay_diced_spiral

Skill      XL: |  1  2  3  4  5  6  7 |
---------------+----------------------+-----
Ranged Weapons | 4 5 6 |  6.8
Fighting       | 3 4 |  4.1
Dodging        | 2 |  2.0
Armour         | 1 |  1.0
Stealth        | |  1.5

Action                     |  1- 3 |  4- 6 |  7- 9 || total
---------------------------+-------+-------+-------++-------
   Fire: Shortbow          |    53 |    95 |    28 ||   176
Ability: Spit Poison       |    22 |    37 |     9 ||    68
    Use: Scroll            |     5 |     2 |       ||     7
         Potion            |     1 |     3 |       ||     4
 Armour: Leather armour    |     5 |    22 |    29 ||    56
  Dodge: Dodged            |    11 |    46 |    37 ||    94

Table legend:
 A = Non-vault XP
 B = Vault XP
 C = Vault XP percentage of total XP
 D = Non-vault monster count
 E = Vault monster count
 F = Vault count percentage of total count
                 A         B        C        D         E       F
            +---------+---------+-------+---------+---------+-------
      Total |     495 |     319 |  39.2 |      65 |      19 |  22.6
            +---------+---------+-------+---------+---------+-------
        D:1 |      12 |       0 |   0.0 |       8 |       0 |   0.0
        D:2 |      81 |      37 |  31.4 |      23 |       1 |   4.2
        D:3 |     121 |      21 |  14.8 |      23 |      11 |  32.4
        D:4 |     183 |     131 |  41.7 |       7 |       1 |  12.5
        D:5 |      98 |     130 |  57.0 |       4 |       6 |  60.0
            +---------+---------+-------+---------+---------+-------
